 Dungeon Crawl Stone Soup version 0.13.0-67-g7ee5eca (webtiles) character file.

3481 Lilouch the Firebug (level 9, -1/57 HPs)
             Began as a Mummy Fire Elementalist on Nov 27, 2013.
             Was an Initiate of Vehumet.
             Incinerated by a mottled dragon (6 damage)
             ... with a sticky flame
             ... on Level 7 of the Dungeon.
             The game lasted 00:53:02 (10109 turns).

Lilouch the Firebug (Mummy Fire Elementalist)      Turns: 10109, Time: 00:53:03

HP  -1/57        AC  8     Str 11      XL: 9   Next: 60%
MP  16/21        EV 12     Int 17      God: Vehumet [......]
Gold 366         SH 11     Dex 12      Spells:  4 memorised,  9 levels left

Res.Fire  : x . .   See Invis. : .   n - +0 sling
Res.Cold  : + . .   Warding    : .   G - +2 robe {MR+}
Life Prot.: + + +   Conserve   : .   t - +1 buckler
Res.Poison: +       Res.Corr.  : .   (no helmet)
Res.Elec. : .       Clarity    : .   w - +0 dwarf cloak
Sust.Abil.: . .     Spirit.Shd : .   l - +2 pair of gloves
Res.Mut.  : .       Stasis     : .   (no boots)
Res.Rott. : +       Flight     : .   (no amulet)
Saprovore : . . .                    (no ring)
                                     (no ring)

@: liquid flames, glowing, quite resistant to hostile enchantments, very
unstealthy
A: no food or potions, fire vulnerability, restore body, cold resistance 1, life
protection 3, poison resistance, torment resistance, unbreathing
a: Renounce Religion


You were on level 7 of the Dungeon.
You worshipped Vehumet.
Vehumet was noncommittal.
You were not hungry.

You visited 2 branches of the dungeon, and saw 8 of its levels.

You collected 346 gold pieces.

Inventory:

Hand weapons
 d - a +0,+0 whip
 i - a +0,+0 dagger
 k - a -1,+1 orcish dagger
 n - a +0,+0 sling (weapon)
 z - a +0,+1 orcish spear
 F - a +1,+1 whip of flaming
 H - a +2 blowgun
Missiles
 c - 64 stones (quivered)
 e - 8 curare-tipped needles
 r - 6 javelins
 I - 19 poisoned needles
 J - 15 darts of flame
Armour
 l - a +2 pair of gloves (worn)
 t - a +1 buckler (worn)
 w - a +0 dwarven cloak (worn)
 G - a +2 robe of magic resistance (worn)
Magical devices
 q - a wand of magic darts (6)
 C - a wand of draining (3)
Scrolls
 f - a scroll of curse weapon {unknown}
 h - a scroll of fear {unknown}
 o - a scroll of enchant armour {unknown}
 p - a scroll of random uselessness {unknown}
 u - a scroll of recharging {unknown}
 B - a scroll of noise {unknown}
 D - a scroll of enchant weapon II {unknown}
Jewellery
 m - a +3 ring of dexterity {unknown}
 E - an uncursed ring of ice {unknown}
Books
 b - a book of Flames

   Spells                             Type                      Level
   *Flame Tongue                      Conjuration/Fire             1
   *Throw Flame                       Conjuration/Fire             2
   *Conjure Flame                     Conjuration/Fire             3
   Inner Flame                        Hexes/Fire                   3
   *Sticky Flame                      Conjuration/Fire             4
   Fireball                           Conjuration/Fire             5
 y - a book of Callings

   Spells                             Type                      Level
   Summon Small Mammal                Summoning                    1
   Call Imp                           Summoning                    2
   Call Canine Familiar               Summoning                    3
   Summon Scorpions                   Summoning/Poison             4
   Summon Ice Beast                   Ice/Summoning                4


   Skills:
 - Level 1.5 Dodging
 - Level 1.5 Stealth
 + Level 4.4 Shields
 + Level 5.5 Spellcasting
 + Level 5.2 Conjurations
 * Level 7.7 Fire Magic


You had 9 spell levels left.
You knew the following spells:

 Your Spells              Type           Power        Failure   Level  Hunger
a - Flame Tongue          Conj/Fire      ####.        1%          1    N/A
b - Throw Flame           Conj/Fire      ####..       1%          2    N/A
c - Conjure Flame         Conj/Fire      ####....     3%          3    N/A
d - Sticky Flame          Conj/Fire      ####....     12%         4    N/A

Dungeon Overview and Level Annotations

Branches:
Dungeon (7/27)             Temple (1/1) D:6             Orc (0/4) D:6

Altars:
Ashenzari
Elyvilon
Fedhas
Kikubaaqudgha
Makhleb
Okawaru
Sif Muna
Trog
Vehumet
Xom
Yredelemnul
Zin
the Shining One


Innate Abilities, Weirdness & Mutations

You do not eat or drink.
Your flesh is vulnerable to fire.
Your flesh is cold resistant.
You are immune to negative energy.
Your system is resistant to poisons.
You are immune to unholy pain and torment.
You can survive without breathing.


Message History

Okay, then.
Unknown command.
You are covered in liquid flames!
You are covered in liquid flames!
* * * LOW HITPOINT WARNING * * *
The mottled dragon bites you.
* * * LOW HITPOINT WARNING * * *
The mottled dragon claws you but does no damage.
Casting: Flame Tongue
Confirm with . or Enter, or press ? or * to list all spells.
Aiming: Sticky Flame
Press: ? - help, Shift-Dir - straight line, f/p - mottled dragon
Aim: a mottled dragon (lightly wounded, catching its breath)
The sticky flame hits the mottled dragon.
The mottled dragon resists.
The mottled dragon is lightly wounded.
You are covered in liquid flames!
One of your 2 scrolls labeled JEOGAMPITE catches fire!
* * * LOW HITPOINT WARNING * * *
You die...

#### ..........#...
#...###..............
#...#................
##...#.............###
#................###
#...............(###
#..................#
#................###
#?.@................
#####D.................
#######...#...##.............
#..............##.............
##...........#...#.............
......................)........
...........................<...
...........................((...
.....................[..........


You could see a mottled dragon.

Vanquished Creatures
  Pikel (D:6)
  Eustachio (D:6)
  2 hungry ghosts (D:6)
  3 phantoms
  A black bear (D:7)
  A sky beast (D:6)
  A slave (D:6)
  An ogre (D:7)
  An ice beast (D:6)
  2 centaurs (D:7)
  2 giant frogs
  Blork the orc (D:6)
  A water moccasin (D:6)
  3 troll zombies (D:6)
  4 hounds
  3 iguanas
  3 orc priests
  2 quasits
  A jelly (D:7)
  3 orc wizards
  6 worker ants
  A scorpion (D:4)
  5 ogre zombies (D:6)
  6 adders
  6 gnolls
  A giant mite (D:3)
  5 worms
  An iguana zombie (D:5)
  An adder skeleton (D:7)
  2 oozes
  18 orcs
  5 ball pythons
  14 bats
  15 goblins
  5 hobgoblins
  3 jackals (D:4)
  5 giant cockroaches
  5 giant geckos
  3 giant newts
  A giant spore (D:6)
  3 goblin zombies (D:6)
  2 hobgoblin skeletons (D:6)
  A hobgoblin zombie (D:6)
  18 kobolds
  A kobold zombie (D:5)
  3 orc skeletons (D:6)
  16 orc zombies (D:6)
  3 quokkas
  10 rats
  2 rat skeletons (D:4)
  A rat zombie (D:7)
205 creatures vanquished.

Vanquished Creatures (others)
  3 slaves (D:6)
  An orc wizard (D:6)
  2 orcs (D:6)
  A quokka (D:6)
7 creatures vanquished.

Grand Total: 212 creatures vanquished

Notes
Turn   | Place    | Note
--------------------------------------------------------------
     0 | D:1      | Lilouch, the Mummy Fire Elementalist, began the quest for the Orb.
     0 | D:1      | Reached XP level 1. HP: 13/13 MP: 3/3
   461 | D:1      | Reached XP level 2. HP: 19/19 MP: 0/4
   770 | D:1      | Reached skill level 1 in Conjurations
  1467 | D:2      | Reached skill level 3 in Fire Magic
  1467 | D:2      | Reached XP level 3. HP: 24/24 MP: 0/6
  1687 | D:2      | Learned a level 2 spell: Throw Flame
  2227 | D:2      | Reached XP level 4. HP: 30/30 MP: 5/7
  2570 | D:3      | Reached XP level 5. HP: 25/35 MP: 0/9
  2850 | D:3      | Learned a level 3 spell: Conjure Flame
  3439 | D:4      | Reached skill level 1 in Shields
  3439 | D:4      | Reached skill level 4 in Fire Magic
  3887 | D:5      | Entered Level 5 of the Dungeon
  3998 | D:4      | Reached XP level 6. HP: 5/41 MP: 1/12
  4276 | D:4      | Noticed a phantom
  4380 | D:4      | Killed a phantom
  5290 | D:5      | Learned a level 4 spell: Sticky Flame
  5377 | D:5      | Reached XP level 7. HP: 46/46 MP: 5/14
  6480 | D:5      | Found a bloodstained altar of Trog.
  6548 | D:6      | Found a staircase to the Orcish Mines.
  6556 | D:6      | Reached skill level 5 in Fire Magic
  6734 | D:6      | Reached XP level 8. HP: 24/52 MP: 7/17
  7565 | D:6      | Reached skill level 6 in Fire Magic
  8049 | D:6      | Noticed Pikel
  8068 | D:6      | Killed Pikel
  8364 | D:6      | Reached XP level 9. HP: 57/57 MP: 7/20
  8560 | D:6      | Noticed Blork the orc
  8586 | D:6      | Killed Blork the orc
  8586 | D:6      | Reached skill level 5 in Spellcasting
  8733 | D:6      | Reached skill level 7 in Fire Magic
  8913 | D:6      | Noticed Eustachio
  8934 | D:6      | Killed Eustachio
  9296 | D:6      | Found a staircase to the Ecumenical Temple.
  9302 | Temple   | Entered the Ecumenical Temple
  9344 | Temple   | Became a worshipper of Vehumet
  9575 | D:7      | Reached skill level 5 in Conjurations
 10109 | D:7      | Incinerated by a mottled dragon

Action                   |  1- 3 |  4- 6 |  7- 9 || total
-------------------------+-------+-------+-------++-------
Melee: Unarmed           |    23 |       |       ||    23
       Whip              |     9 |       |    23 ||    32
       Short sword       |       |    29 |       ||    29
       Sling             |       |       |     2 ||     2
 Fire: Sling             |    71 |   142 |    79 ||   292
Throw: Stone             |    14 |       |     8 ||    22
 Cast: Flame Tongue      |    59 |   126 |   206 ||   391
       Conjure Flame     |       |     2 |    46 ||    48
       Throw Flame       |       |       |    16 ||    16
       Sticky Flame      |       |       |     7 ||     7
Evoke: Wand              |       |       |     3 ||     3
  Use: Scroll            |       |     2 |       ||     2
